 Dungeon Crawl Stone Soup version 0.25.0-46-gbd7b0854d2 (webtiles) character file.

Game seed: 3383074890704391618

18 Milting the Caller (level 2, -12/19 HPs)
             Began as a Barachi Summoner on July 12, 2020.
             Mangled by an ogre
             ... wielding a +0 giant club
              (23 damage)
             ... on level 2 of the Dungeon.
             The game lasted 00:05:12 (1010 turns).

Milting the Caller (Barachi Summoner)               Turns: 1010, Time: 00:05:12

Health: -12/19     AC:  3    Str:  9    XL:     2   Next: 70%
Magic:  4/5        EV: 12    Int: 15    God:
Gold:   60         SH:  0    Dex: 12    Spells: 5/6 levels left

rFire    . . .     SeeInvis +   (no weapon)
rCold    . . .     Gourm    .   (no shield)
rNeg     . . .     Faith    .   a - +0 robe
rPois    .         Spirit   .   e - +0 helmet
rElec    .         Reflect  .   (no cloak)
rCorr    .         Harm     .   (no gloves)
MR       .....                  (no boots)
Stlth    ++........             f - amulet of magic regeneration
HPRegen  0.06/turn              d - ring of see invisible
MPRegen  0.34/turn              (no ring)

@: slow
A: +LOS, swims, slowness 1, strong legs 1
a: Hop


You were on level 2 of the Dungeon.
You were not hungry.

You visited 1 branch of the dungeon, and saw 2 of its levels.

You collected 60 gold pieces.

Inventory:

Armour
 a - a +0 robe (worn)
 e - a +0 helmet (worn)
Jewellery
 d - a ring of see invisible (left hand)
 f - an amulet of magic regeneration (around neck)
Comestibles
 b - 4 chunks of flesh
 c - a ration


   Skills:
 - Level 2.1 Dodging
 - Level 1.7 Stealth
 + Level 2.5 Spellcasting
 * Level 5.5 Summonings


You had 5 spell levels left.
You knew the following spells:

 Your Spells              Type           Power        Failure   Level  Hunger
a - Summon Small Mammal   Summ           ###.         2%          1    #......

Your spell library contained the following spells:

 Spells                   Type           Power        Failure   Level  Hunger
 Call Imp                 Summ           ###.....     3%          2    ###....
 Call Canine Familiar     Summ           ###.....     7%          3    ###....
 Summon Guardian Golem    Hex/Summ       ##......     21%         3    ###....
 Summon Ice Beast         Ice/Summ       ##......     56%         4    #####..
 Summon Lightning Spire   Summ/Air       ##......     56%         4    #####..


Dungeon Overview and Level Annotations

Branches:
Dungeon (2/15)

Altars:
Qazlal

Annotations:
D:2 1 transporter


Innate Abilities, Weirdness & Mutations

You can be seen from farther away. (+LOS)
You can swim through water.
You cover ground slowly.
You can hop short distances.


Message History

This raw flesh tastes terrible.
HP restored.
You see here a +0 dagger.
The hobgoblin shouts!
Found a transporter.
The ogre shouts!
Found a transporter.
There is a transporter here.
You enter the transporter and appear at another place.
The bullfrog hits you. The ogre completely misses you.
Found five items.
Found a stormy altar of Qazlal.
Casting: Summon Small Mammal (safe; 2% risk of failure)
Confirm with . or Enter, or press ? or * to list all spells.
The bullfrog barely misses you. The worker ant bites you.
The bullfrog closely misses you.
Casting: Summon Small Mammal (safe; 2% risk of failure)
Confirm with . or Enter, or press ? or * to list all spells.
The ogre hits you with a +0 giant club!!
Ouch! That really hurt!
You die...

.. ####.# ...#
... #.# ...# # ..
#.#####+.## .# #
.
#.........###.#..
###.....§......#
#..#########..##
#.##8.....8##...
#.#..gFOar..#..#
#.#.Z#.@r#..#...
#.#.#.....#.#...
#.#........©#.#.
#.#.#.....#.#...
#.#..#...#..#...
#. ..?($??.. ...
# ## $._$$ ## ..
..#########.. .
##. ...©... .##


You could see an ogre, a bullfrog, a worker ant, a hobgoblin, a friendly quokka
(summoned) and a friendly rat (summoned).

Vanquished Creatures
  A giant cockroach (D:1)
  A hobgoblin (D:1)
  A quokka (D:2)
3 creatures vanquished.

Vanquished Creatures (collateral kills)
  3 leopard geckos
  3 goblins
  2 hobgoblins (D:1)
  5 jackals (D:1)
  2 frilled lizards (D:1)
  2 rats (D:1)
17 creatures vanquished.

Grand Total: 20 creatures vanquished

Notes
Turn   | Place    | Note
-------+----------+-------------------------------------------
     0 | D:1      | Milting the Barachi Summoner began the quest for the Orb.
     0 | D:1      | Reached XP level 1. HP: 13/13 MP: 3/3
    85 | D:1      | Reached skill level 5 in Summonings
   298 | D:1      | Reached XP level 2. HP: 19/19 MP: 0/5
  1000 | D:2      | Found a transporter.
  1000 | D:2      | Noticed a bullfrog
  1001 | D:2      | Noticed an ogre
  1003 | D:2      | Found a transporter.
  1008 | D:2      | Found a stormy altar of Qazlal.
  1010 | D:2      | Mangled by an ogre

Illustrated notes

Levels and vault maps discovered:
D:1:      minmay_arrival_three_doors, layout_rooms
D:2:      minmay_roachtagon, layout_basic, gammafunk_temple_overflow_arena,
          chequers_temple_overflow_minitemple, chequers_ecumenical_altar_grove,
          st_stairs_13, minmay_quadrilaterals

Skill      XL: |  1 |
---------------+----+-----
Summonings     | 5 |  5.5
Dodging        | |  2.1
Stealth        | |  1.7
Spellcasting   | |  2.5

Action                   || total
-------------------------++-------
Melee: Unarmed           ||    34
 Cast: Summon Small Mamm ||    32
 Abil: Hop               ||     1
  Eat: Chunk             ||     1
Armor: Robe              ||     8
Dodge: Dodged            ||    32
